 Dungeon Crawl Stone Soup version 0.17-a0-802-g1f09329 (console) character file.

1901 sose the Destroyer (level 8, -1/41 HPs)
             Began as a Deep Elf Conjurer on Apr 26, 2015.
             Slain by Pikel
             ... wielding a +2 whip of freezing
              (3 damage)
             ... on level 6 of the Dungeon.
             The game lasted 00:13:22 (5758 turns).

sose the Destroyer (Deep Elf Conjurer)              Turns: 5758, Time: 00:13:22

Health: -1/41      AC:  2    Str:  5    XL:     8   Next: 94%
Magic:  0/18       EV: 18    Int: 23    God:
Gold:   216        SH:  0    Dex: 15    Spells: 7 memorised, 0 levels left

rFire  . . .     SeeInvis .     C - +0 lajatang
rCold  . . .     Clarity  .     I - +0 robe (curse)
rNeg   + . .     SustAb   .     (no shield)
rPois  .         Gourm    .     (no helmet)
rElec  .         Spirit   .     (no cloak)
rCorr  .         Warding  .     (no gloves)
rMut   .         Stasis   .     (no boots)
MR     .....                    q - amulet of regeneration
Stlth  ++........               x - ring of positive energy (curse)
                                d - +5 ring of evasion

@: not resistant to hostile enchantments, unstealthy
A: no striking features
a: no special abilities


You were on level 6 of the Dungeon.
You were hungry.

You visited 1 branch of the dungeon, and saw 6 of its levels.

You collected 216 gold pieces.

Inventory:

Hand weapons
 w - a +0 dagger
 C - a +0 lajatang (weapon)
Armour
 a - a cursed +0 robe
 I - a cursed +0 robe (worn)
Jewellery
 d - a +5 ring of evasion (left hand)
 q - an amulet of regeneration (around neck)
 x - a cursed ring of positive energy (right hand)
 H - an uncursed ring of protection from cold
 K - an uncursed ring of protection from cold
 L - an uncursed ring of teleport control
Magical devices
 y - a wand of digging (9)
 A - a wand of teleportation (3)
Scrolls
 e - 2 scrolls of amnesia {unknown}
 i - 4 scrolls of identify {unknown}
 j - a scroll of immolation {unknown}
 k - 2 scrolls of magic mapping {unknown}
 l - a scroll of enchant armour {unknown}
 m - 2 scrolls of blinking {unknown}
 n - a scroll of random uselessness {unknown}
 o - 3 scrolls of remove curse {unknown}
 t - 2 scrolls of enchant weapon {unknown}
 u - a scroll of recharging {unknown}
 F - a scroll of teleportation {unknown}
Potions
 h - 2 potions of ambrosia {unknown}
 p - a potion of flight {unknown}
 r - a potion of mutation {unknown}
 s - a potion of resistance {unknown}
 v - a potion of poison {unknown}
 z - 2 potions of agility {unknown}
 D - 4 potions of curing {unknown}
 E - 2 potions of heal wounds {unknown}
 J - a potion of cancellation {unknown}
Books
 b - a book of Conjurations

   Spells                             Type                      Level
   a - Magic Dart                     Conjuration                  1
   b - Searing Ray                    Conjuration                  2
   c - Dazzling Spray                 Conjuration/Hexes            3
   d - Fulminant Prism                Conjuration/Hexes            4
   e - Iskenderun's Mystic Blast      Conjuration                  4
   f - Iskenderun's Battlesphere      Conjuration/Charms           5
 B - a book of the Earth

   Spells                             Type                      Level
   a - Leda's Liquefaction            Hexes/Earth                  4
   b - Bolt of Magma                  Conjuration/Fire/Earth       5
   c - Statue Form                    Transmutation/Earth          6
   d - Iron Shot                      Conjuration/Earth            6
   e - Shatter                        Earth                        9
 M - a book of Party Tricks

   Spells                             Type                      Level
   a - Summon Butterflies             Summoning                    1
   b - Apportation                    Translocation                1
   c - Tukima's Dance                 Hexes                        3
   d - Alistair's Intoxication        Transmutation/Poison         4
   e - Invisibility                   Hexes                        6
Comestibles
 c - 5 bread rations
 f - 2 meat rations
 g - 6 fruits
 G - a slice of pizza


   Skills:
 + Level 2.5 Dodging
 - Level 2.4 Stealth
 + Level 5.4 Spellcasting
 + Level 10.7 Conjurations
 - Level 9.0 Charms


You couldn't memorise any spells.
You knew the following spells:

 Your Spells              Type           Power        Failure   Level  Hunger
a - Magic Dart            Conj           ####         1%          1    None
b - Searing Ray           Conj           ######       1%          2    None
c - Iskenderun's Mystic   Conj           ######..     1%          4    ####...
d - Dazzling Spray        Conj/Hex       ####....     3%          3    ##.....
e - Summon Butterflies    Summ           #.......     12%         1    None
f - Apportation           Tloc           #.........   12%         1    None
s - Iskenderun's Battles  Conj/Chrm      ######..     6%          5    #####..


Dungeon Overview and Level Annotations

Branches:
Dungeon (6/15)
 Temple: D:4-7

Altars:
Ashenzari
Elyvilon
Makhleb
Nemelex Xobeh
Okawaru
Ru

Annotations:
D:6 Pikel


Message History

Unknown command.
Casting: Magic Dart
Confirm with . or Enter, or press ? or * to list all spells.
Aiming: Magic Dart
Press: ? - help, Shift-Dir - straight line, f/p - Pikel
Aim: Pikel, wielding a whip of freezing and wearing a robe (severely wounded)
The magic dart hits Pikel.
Pikel is severely wounded.
Pikel barely misses you.
Casting: Magic Dart
Confirm with . or Enter, or press ? or * to list all spells.
Aiming: Magic Dart
Press: ? - help, Shift-Dir - straight line, f/p - Pikel
Aim: Pikel, wielding a whip of freezing and wearing a robe (severely wounded)
The magic dart hits Pikel.
Pikel is severely wounded.
Pikel hits you with a whip of freezing.
* * * LOW HITPOINT WARNING * * *
Pikel freezes you.
You die...

#..........# #.#........##
########.#....†....#
.........#.........#
.........#..†......#
.........#####'###.####### #
....†....# #.# #.....#.# .#..
.........#####.#######.#.##.....
........'[..pppK@............#
........†#####.#########.##..#
.........# #.#########.#
.........# #...........#
.........# #...........#
.........# #...........#
.........# #...........#
########.# #..........## #.#
#..........#


You could see Pikel and 3 slaves.

Vanquished Creatures
  The ghost of sose the Chiller, an average NaIE (D:4)
  Grinder (D:3)
  Sigmund (D:2)
  Menkaure (D:5)
  Edmund (D:5)
  An ogre (D:6)
  A phantom (D:5)
  A slave (D:6)
  The ghost of sose the Conjurer, an average HECj (D:3)
  Blork the orc (D:5)
  A water moccasin zombie (D:5)
  3 scorpions
  4 crimson imps
  3 hounds
  A jelly (D:5)
  An orc wizard (D:3)
  3 worker ants
  Natasha (twice) (D:2)
  A hound skeleton (D:4)
  7 adders
  An ooze (D:1)
  2 adder skeletons (D:4)
  5 worms
  7 giant geckos
  6 orcs
  A bat skeleton (D:4)
  8 hobgoblins
  10 jackals
  4 quokkas
  A ball python (D:4)
  8 bats
  9 giant cockroaches
  6 giant newts
  14 goblins
  A jackal zombie (D:5)
  10 kobolds
  7 rats
136 creatures vanquished.

Notes
Turn   | Place    | Note
--------------------------------------------------------------
     0 | D:1      | sose, the Deep Elf Conjurer, began the quest for the Orb.
     0 | D:1      | Reached XP level 1. HP: 10/10 MP: 6/6
   245 | D:1      | Reached XP level 2. HP: 15/15 MP: 5/8
   249 | D:1      | Learned a level 2 spell: Searing Ray
   270 | D:1      | Reached skill level 5 in Conjurations
   878 | D:2      | Reached XP level 3. HP: 19/19 MP: 3/9
   937 | D:2      | Noticed Sigmund
   942 | D:2      | Killed Sigmund
   942 | D:2      | Reached skill level 7 in Conjurations
   942 | D:2      | Reached XP level 4. HP: 1/24 MP: 2/10
   942 | D:2      | Reached XP level 5. HP: 1/28 MP: 2/11
  1264 | D:2      | Learned a level 5 spell: Iskenderun's Battlesphere
  1357 | D:2      | Found a sacrificial altar of Ru.
  1769 | D:2      | Noticed Natasha
  1773 | D:2      | Killed Natasha
  1773 | D:2      | Reached skill level 1 in Charms
  1813 | D:2      | Noticed Natasha
  1818 | D:2      | Killed Natasha
  2130 | D:3      | Found an iron altar of Okawaru.
  2138 | D:3      | Reached XP level 6. HP: 32/32 MP: 6/13
  2190 | D:3      | Learned a level 4 spell: Iskenderun's Mystic Blast
  2511 | D:3      | Noticed sose's ghost (average HECj)
  2540 | D:3      | Killed sose's ghost
  2745 | D:3      | Noticed Grinder
  2857 | D:3      | Paralysed by Grinder for 6 turns
  2867 | D:3      | Killed Grinder
  2867 | D:3      | Reached skill level 8 in Conjurations
  2867 | D:3      | Reached XP level 7. HP: 5/36 MP: 0/15
  3058 | D:3      | Found a burning altar of Makhleb.
  3430 | D:4      | Reached skill level 5 in Charms
  3667 | D:4      | Found a shattered altar of Ashenzari.
  3791 | D:4      | Noticed sose's ghost (average NaIE)
  3829 | D:4      | Killed sose's ghost
  3829 | D:4      | Reached skill level 9 in Conjurations
  4061 | D:4      | Found a sparkling altar of Nemelex Xobeh.
  4461 | D:5      | Entered Level 5 of the Dungeon
  4512 | D:5      | Noticed Blork the orc
  4517 | D:5      | Killed Blork the orc
  4517 | D:5      | Reached XP level 8. HP: 41/41 MP: 7/16
  4577 | D:5      | Noticed Edmund
  4599 | D:5      | Killed Edmund
  4863 | D:5      | Reached skill level 10 in Conjurations
  4999 | D:5      | Noticed Menkaure
  5007 | D:5      | Killed Menkaure
  5538 | D:6      | Reached skill level 5 in Spellcasting
  5543 | D:6      | Learned a level 3 spell: Dazzling Spray
  5698 | D:6      | Found a white marble altar of Elyvilon.
  5721 | D:6      | Learned a level 1 spell: Summon Butterflies
  5725 | D:6      | Learned a level 1 spell: Apportation
  5729 | D:6      | Noticed Pikel
  5758 | D:6      | HP: 2/41 [Pikel/whip of freezing (5)]
  5758 | D:6      | Slain by Pikel

Action                   |  1- 3 |  4- 6 |  7- 9 || total
-------------------------+-------+-------+-------++-------
Melee: Unarmed           |     3 |       |       ||     3
       Dagger            |       |     1 |       ||     1
       Lajatang          |       |       |    38 ||    38
 Cast: Magic Dart        |    42 |    76 |   217 ||   335
       Searing Ray       |     1 |     5 |     6 ||    12
       Iskenderun's Myst |       |     6 |     5 ||    11
       Iskenderun's Batt |       |       |     6 ||     6
  Eat: Chunk             |       |     5 |    11 ||    16
       Beef jerky        |       |     1 |       ||     1
       Pizza             |       |       |     1 ||     1
